AoeStats
← slickbick

Arabian Desert

509916045Analyzed
1v1 RM · 3d ago on Sep 28, 2026· 44m 47s· 2 players
Game mode
Random Map
Map size
Tiny (2 player)
Population
200
Speed
Normal
Resources
Standard
Victory
Conquest
Starting age
Dark Age
Ending age
Imperial Age
RankedLock teamsTeams togetherTeam positionsShared explorationLock speedFull tech treeHidden civsTurbo modeCheats
Victory
Defeat
🇦🇷 Persians · Argentina
1106
+15
🇺🇸 Persians · United States
1074
-15
slickbick
6:18 Loom
9:19 Feudal Age
10:29 Double-Bit Axe
20:49 Castle Age
20:30 Wheelbarrow
20:14 Bloodlines
22:11 Bow Saw
21:42 Crossbowman
22:37 Husbandry
24:19 Scale Barding Armor
26:16 Horse Collar
27:28 Forging
28:54 Gold Mining
30:17 Hand Cart
29:54 Elite Skirmisher
30:35 Town Watch
31:01 Pikeman
31:41 Squires
33:15 Chain Barding Armor
32:48 Fletching
38:52 Imperial Age
40:23 Chemistry
39:01 Heavy Camel Rider
sug0ma
9:47 Feudal Age
10:39 Double-Bit Axe
19:20 Castle Age
19:16 Bloodlines
19:13 Scale Barding Armor
19:27 Forging
21:30 Fletching
23:38 Horse Collar
25:58 Bodkin Arrow
27:02 Padded Archer Armor
34:47 Imperial Age
32:55 Wheelbarrow
32:06 Loom
33:51 Chain Barding Armor
34:07 Iron Casting
34:42 Ballistics
34:11 Town Watch
34:58 Husbandry
34:30 Cavalier
38:02 Heavy Cavalry Archer
40:25 Leather Archer Armor
45:08 Blast Furnace
44:47 Plate Barding Armor
45:41 Chemistry
Connection lost

Rejoining the realm…

Still unreachable

The connection could not be restored.

Session expired

The server has moved on; the page needs a fresh start.